 Dungeon Crawl Stone Soup version 0.18-a0-822-gb52b7b4 (webtiles) character file.

637061 JokEr the Conqueror (level 27, -43/199 HPs)
             Began as a Gargoyle Fighter on Dec 16, 2015.
             Was a High Priest of Okawaru.
             Killed from afar by an orb of fire (83 damage)
             ... with a bolt of fire
             ... on level 4 of the Realm of Zot.
             The game lasted 04:57:32 (72888 turns).

JokEr the Conqueror (Gargoyle Fighter)             Turns: 72888, Time: 04:58:02

Health: -43/199    AC: 59    Str: 41    XL:     27
Magic:  34/34      EV: 20    Int:  7    God:    Okawaru [*****.]
Gold:   5894       SH: 36    Dex: 20    Spells: 0 memorised, 26 levels left

rFire  . . .     SeeInvis +     G - +9 demon whip (freeze)
rCold  x . .     Gourm    .     N - +7 plate armour "Aditeli Ulaph" {Str+3}
rNeg   + + .     Faith    .     w - +8 large shield {rN+}
rPois  ∞         Spirit   .     u - +2 hat of Lubbut {rElec SInv Stlth+}
rElec  +         Dismiss  .     M - +1 cloak {+Inv}
rCorr  +         Reflect  .     m - +2 pair of gloves {Dex+3}
SustAt +         Harm     .     k - +0 pair of boots "Tuchiras" {MR+ rCorr Slay+3}
MR     +++..     Rnd*Rage +     T - amulet of regeneration
Stlth  ..........               a - ring "Plog" {SustAt rF- Dex+4 Slay+5}
                                C - ring of Cuav {Fire Dex+6}

@: mighty, exhausted, heroism, flying, slowed, studying Staves, very slow,
extremely resistant to hostile enchantments, extremely unstealthy
A: big wings, berserk 1, blurry vision 2, clumsy 1, dopey 1, negative energy
resistance 1, screaming 1, electricity resistance, unbreathing, petrification
resistance, no device heal 1, rot immunity, MP-powered wands, AC +20
a: Stop Flying, Heroism, Finesse, Renounce Religion, Evoke Invisibility
}: 3/15 runes: serpentine, barnacled, silver


You were on level 4 of the Realm of Zot.
You worshipped Okawaru.
Okawaru was extremely pleased with you.
You were not hungry.

You visited 12 branches of the dungeon, and saw 58 of its levels.
You also visited: Labyrinth and Ice Cave.

You collected 7819 gold pieces.
You spent 1925 gold pieces at shops.

Inventory:

Hand Weapons
 G - a +9 demon whip of freezing (weapon)
Armour
 b - a +2 pair of boots of running
 k - the +0 pair of boots "Tuchiras" (worn) {MR+ rCorr Slay+3}
   (You found it on level 4 of the Vaults)

   It affects your accuracy and damage with ranged weapons and melee attacks
   (+3).
   It affects your resistance to hostile enchantments.
   It protects you from acid and corrosion.
 m - a +2 pair of gloves of dexterity (worn)
 u - the +2 hat of Lubbut (worn) {rElec SInv Stlth+}
   (Okawaru gifted it to you on level 3 of the Snake Pit)

   It insulates you from electricity.
   It lets you see invisible.
   It makes you more stealthy.
 w - a +8 large shield of positive energy (worn)
 M - a +1 cloak of invisibility (worn)
 N - the +7 plate armour "Aditeli Ulaph" (worn) {Str+3}
   (You found it on level 3 of the Elven Halls)

   It affects your strength (+3).
Jewellery
 a - the ring "Plog" (right hand) {SustAt rF- Dex+4 Slay+5}
   (You found it on level 5 of the Depths)

   [ring of sustain attributes]

   It sustains your strength, intelligence and dexterity.
   It affects your dexterity (+4).
   It affects your accuracy and damage with ranged weapons and melee attacks
   (+5).
   It makes you vulnerable to fire.
 f - the ring of Coohel {rPois rF+}
   (You found it on level 3 of the Elven Halls)

   [ring of poison resistance]

   It protects you from fire.
   It protects you from poison.
 r - the amulet "Fepram" {+Blink +Rage MP+9 Str+2}
   (You found it on level 3 of the Elven Halls)

   [amulet of rage]

   It affects your strength (+2).
   It affects your magic capacity (+9).
   It lets you blink.
   It lets you go berserk.
 x - the amulet of Happiness {Reflect rF++ MR+ Dex-2 SH+2}
   (You bought it in a shop on level 5 of the Depths)

   [amulet of reflection]

   It shields you and reflects attacks.
   It affects your dexterity (-2).
   It greatly protects you from fire.
   It affects your resistance to hostile enchantments.
   It affects your SH (+2).
 C - the ring of Cuav (left hand) {Fire Dex+6}
   (You found it on level 7 of the Dungeon)

   [ring of fire]

   It enhances your fire magic, and weakens your ice magic.
   It affects your dexterity (+6).
   It protects you from fire.
   It makes you vulnerable to cold.
 T - an amulet of regeneration (around neck)
Wands
 A - a wand of fireball (10)
 O - a wand of lightning (4)
 U - a wand of digging (0)
 W - a wand of frost (12)
 X - a wand of hasting (9)
Scrolls
 c - 3 scrolls of summoning
 o - 26 scrolls of teleportation
 p - 2 scrolls of blinking
 y - 12 scrolls of magic mapping
 B - 3 scrolls of enchant weapon
 F - 4 scrolls of identify
 H - 2 scrolls of recharging
 I - 6 scrolls of fog
 J - 5 scrolls of enchant armour
 S - 2 scrolls of brand weapon
 Y - 9 scrolls of remove curse
 Z - 4 scrolls of fear
Potions
 d - 3 potions of haste
 g - 19 potions of curing
 i - 2 potions of agility
 j - 8 potions of magic
 t - 2 potions of might
 v - a potion of berserk rage
 D - 8 potions of brilliance
 L - a potion of invisibility
 Q - 3 potions of heal wounds
Books
 h - a manual of Staves
Miscellaneous
 e - a stone of tremors
 q - a phial of floods
Comestibles
 n - 19 meat rations
 s - 7 slices of pizza
 z - 16 fruits
 E - 13 royal jellies
 K - 8 bread rations
 V - a beef jerky


   Skills:
 O Level 27 Fighting
 + Level 23.9(27) Maces & Flails
 - Level 18.0(23.0) Armour
 + Level 15.0(20.0) Dodging
 - Level 17.5(22.5) Shields
 - Level 9.4 Invocations
 - Level 15.8 Evocations


You had 26 spell levels left.
You didn't know any spells.

Dungeon Overview and Level Annotations

Branches:
Dungeon (15/15)            Temple (1/1) D:7            Lair (8/8) D:8
 Shoals (4/4) Lair:4        Snake (4/4) Lair:3        Slime (4/6) Lair:8
    Orc (2/2) D:9             Elf (3/3) Orc:2        Vaults (5/5) D:14
  Crypt (3/3) Vaults:2       Tomb (0/3) Crypt:3      Depths (5/5) D:15
    Zot (4/5) Depths:5

Altars:
Ashenzari
Cheibriados
Dithmenos
Elyvilon
Fedhas
Gozag
Kikubaaqudgha
Makhleb
Nemelex Xobeh
Okawaru
Pakellas
Qazlal
Ru
Sif Muna
Trog
Vehumet
Xom
Yredelemnul
Zin
The Shining One
Jiyva
Lugonu

Shops:
D:6 ?%[   Orc:2 }[((   Elf:2 }   Elf:3 }   Vaults:2 :   Vaults:3 :![%*
Depths:1 (   Depths:3 [   Depths:4 *   Depths:5 =

Portals:
Hell: Depths:1 Depths:2 Depths:3 Depths:4 Depths:5
Abyss: Depths:3 Depths:4 Depths:5
Pandemonium: Depths:3
Ziggurat: Depths:2
Trove: Vaults:4 (give 5 scrolls of blinking)

Annotations:
Lair:8 1 runed door
Elf:2 3 runed doors


Innate Abilities, Weirdness & Mutations

You are resistant to torment.
Your stone body is resilient (AC +20).
You are immune to poison.
Your large and strong wings let you fly indefinitely.
You resist negative energy.
You are resistant to electric shocks.
You can survive without breathing.
You are immune to petrification.
You are immune to rotting.
You tend to lose your temper in combat.
Scrolls take you longer to read.
You are clumsy. (Dex -2)
You are dopey. (Int -2)
You occasionally shout uncontrollably at your foes.
Potions and wands are less effective at restoring your health.
You expend magic power (3 MP) to strengthen your wands.


Message History

You block the moth of wrath's attack.
You punish the moth of wrath, causing immense pain!!!
You freeze the moth of wrath.
You kill the moth of wrath!
Okawaru accepts your kill.
The orb of fire glows bright magenta.
The bolt of fire hits you!
You hit the orb of fire but do no damage.
The orb of fire glows deep purple.
Strange energies course through your body.
You feel stupid.
There is a stone staircase leading up here.
Magic restored.
The orb of fire glows deep purple.
The fireball explodes!
The fireball engulfs you!
* * * LOW HITPOINT WARNING * * *
The fireball engulfs the orb of fire.
The orb of fire completely resists.
The orb of fire glows red.
The bolt of fire hits you!
You die...

.. #.# .# #.#
.... #.# .....
###.###...#
......%..#.
#..#.#.....
#@....!....
##.##*.#.#.....
.........†......
.#.#.....#..##..
#.#..)# .#
........ ..
#....#..#. ##
#....#..#..
...#.#... .#


You could see an orb of fire.

Vanquished Creatures
  An orb of fire (Zot:4)
  Mara (Vaults:5)
  Mennas (Vaults:2)
  An ancient lich (Vaults:5)
  3 juggernauts
  Boris (Depths:3)
  Saint Roka (Vaults:1)
  Norris (Vaults:1)
  2 caustic shrikes
  14 golden dragons
  2 profane servitors (Crypt:3)
  A shard shrike zombie (Crypt:2)
  3 liches
  Jorgrun (Depths:4)
  8 tentacled monstrosities
  Rupert (Lair:7)
  A shard shrike skeleton (Crypt:1)
  2 deep elf blademasters (Elf:3)
  7 titans
  9 acid blobs
  2 deep elf master archers (Elf:3)
  3 sphinxes
  A kraken (Shoals:2)
  7 death cobs
  10 ancient champions
  Roxanne (Shoals:4)
  14 fire giants
  4 revenants
  8 storm dragons
  10 shadow dragons
  10 tengu reavers
  15 greater nagas
  Ilsuiw (Shoals:4)
  4 azure jellies
  17 vault wardens
  5 frost giants
  5 iron dragons
  A draconian knight (Zot:1)
  Aizul (Snake:3)
  12 deep elf sorcerers
  4 draconian zealots
  3 draconian scorchers
  A curse skull (Crypt:2)
  8 deep elf elementalists
  6 draconian shifters (Zot:1)
  The ghost of glosham the Summoner, a journeyman DgSu (Snake:3)
  4 ghouls (Crypt:2)
  13 ironheart preservers
  A cacodemon (Depths:3)
  11 very ugly things
  10 vampire knights
  A war gargoyle (Vaults:5)
  2 spriggan defenders
  25 stone giants
  3 draconian callers
  An apis (shapeshifter) (Vaults:5)
  3 salamander stormcallers
  5 green draconians
  6 spark wasps
  9 deep elf demonologists
  7 black draconians
  8 deep elf annihilators
  4 purple draconians (Zot:1)
  7 red draconians
  5 mottled draconians
  5 white draconians
  7 yellow draconians
  12 ettins
  2 blizzard demons (IceCv)
  10 deep elf death magi
  8 eidola
  9 merfolk javelineers
  17 jiangshi
  Josephine (Lair:5)
  A quicksilver dragon zombie (Crypt:1)
  32 vault guards
  17 yaktaur captains
  7 deep elf high priests
  A crystal guardian (Vaults:2)
  A minotaur (Lab)
  12 merfolk impalers
  6 great orbs of eyes
  12 fire dragons
  7 entropy weavers
  21 ice dragons
  6 hydras
  18 naga warriors
  18 anacondas
  5 spriggan air magi
  A hell beast (Depths:2)
  A hydra (shapeshifter) (Depths:5)
  3 death knights
  2 ghost crabs (shapeshifter)
  An alligator snapping turtle (Shoals:4)
  3 merfolk avatars
  4 rakshasas
  9 centaur warriors
  18 ogre magi
  16 dancing weapons
  Erica (Orc:1)
  13 death yaks
  A queen ant (Lair:5)
  9 merfolk aquamancers
  2 deep troll earth magi
  3 satyrs
  10 spriggan berserkers
  19 naga sharpshooters
  An orc high priest (Orc:2)
  12 shock serpents
  4 tengu warriors
  A titan zombie (Crypt:2)
  9 vampire magi
  27 deep elf knights
  4 soul eaters
  5 salamander mystics
  2 storm dragon zombies
  78 slime creatures
  A fire crab (shapeshifter) (Vaults:3)
  16 sea snakes
  12 skeletal warriors
  6 giant orange brains
  8 hell knights (Depths:2)
  A kraken simulacrum (Shoals:4)
  2 iron trolls
  8 flayed ghosts
  7 shadow wraiths
  8 deep trolls
  An anaconda zombie (Crypt:2)
  A golden dragon zombie (Depths:2)
  A storm dragon skeleton (Crypt:1)
  3 unseen horrors
  4 phantasmal warriors
  12 ironbrand convokers
  5 naga ritualists
  3 wizards
  An unseen horror (shapeshifter) (Depths:2)
  A swamp dragon (shapeshifter) (Elf:3)
  6 hill giants
  An anaconda skeleton (Crypt:1)
  19 deep elf archers
  2 lindwurms
  A golden dragon skeleton (Crypt:3)
  A mana viper (shapeshifter) (D:15)
  A wolf spider zombie (Crypt:3)
  8 orc sorcerers
  A sphinx zombie (Depths:3)
  18 harpies
  A harpy (shapeshifter) (Vaults:2)
  3 water nymphs
  79 deep elf magi
  An iron dragon zombie (Crypt:1)
  32 ugly things
  6 mana vipers (Snake:4)
  9 necromancers
  A wolf spider (Vaults:2)
  16 griffons
  8 manticores
  A centaur zombie (D:14)
  A fire giant zombie (Crypt:1)
  13 orc knights
  7 cyclopes
  2 hornets (Vaults:4)
  25 salamanders
  7 fauns
  11 moths of wrath
  12 sirens
  4 shining eyes
  A sphinx skeleton (Depths:3)
  An elf zombie (Depths:3)
  48 black mambas
  8 guardian serpents
  14 naga magi
  An eye of devastation (Slime:3)
  3 ice statues
  6 torpor snails (Lair:8)
  2 octopodes (shapeshifter) (Vaults:2)
  3 gargoyles
  14 vault sentinels
  4 elephants (Lair:7)
  3 guardian serpents (shapeshifter)
  5 kobold demonologists
  2 dire elephant skeletons
  A spiny frog (shapeshifter) (Vaults:4)
  2 emperor scorpion zombies (Crypt:1)
  An orange demon (Depths:3)
  A storm dragon simulacrum (Crypt:3)
  8 spiny frogs
  56 yaktaurs
  5 anaconda simulacra (IceCv)
  8 fire drakes
  5 ice devils
  A grey draconian skeleton (Crypt:3)
  A red devil (Depths:2)
  6 trolls
  A minotaur zombie (Crypt:2)
  11 komodo dragons
  5 polar bears
  40 merfolk
  A guardian mummy (Crypt:3)
  26 blink frogs
  2 hydra zombies (Crypt:2)
  14 freezing wraiths
  A catoblepas skeleton (Crypt:2)
  A hellwing (Depths:3)
  A slime creature (shapeshifter) (Vaults:5)
  2 wind drakes (Shoals:4)
  A fire drake (shapeshifter) (Depths:2)
  A merfolk (shapeshifter) (Vaults:4)
  6 tengu conjurers
  4 jumping spiders
  29 two-headed ogres
  A two-headed ogre (shapeshifter) (Vaults:2)
  6 giant leeches (Lair:8)
  A hydra skeleton (Crypt:1)
  A frost giant simulacrum (Depths:2)
  A trapdoor spider zombie (D:10)
  2 ettin zombies
  5 boulder beetles
  A fire dragon zombie (Crypt:1)
  An alligator zombie (Crypt:1)
  8 snapping turtles
  A trapdoor spider (shapeshifter) (Vaults:5)
  5 spriggans
  A trapdoor spider (D:11)
  33 yaks
  An ettin skeleton (Crypt:3)
  5 vampires
  12 vampire mosquitoes
  9 air elementals
  2 humans (shapeshifter)
  13 wraiths
  6 centaur simulacra
  A golden eye (shapeshifter) (Depths:2)
  18 redbacks
  10 wyverns
  A dire elephant simulacrum (IceCv)
  5 fire elementals
  6 steam dragons
  A tarantella (Vaults:4)
  30 water elementals
  24 hippogriffs
  A yak (shapeshifter) (Depths:2)
  4 shadows
  2 fire bats (Depths:4)
  A death yak simulacrum (IceCv)
  4 golden eyes (Slime:1)
  A hungry ghost (D:7)
  4 harpy simulacra (IceCv)
  A neqoxec (Depths:3)
  3 iron troll simulacra (IceCv)
  6 soldier ants (Lair:5)
  8 basilisks
  6 mottled dragons
  66 nagas
  A glowing shapeshifter zombie (Crypt:1)
  A merfolk zombie (Crypt:1)
  19 wolves
  12 water moccasins
  A warg (Orc:2)
  A hydra simulacrum (IceCv)
  3 black bears
  2 hell hounds (D:14)
  38 orc warriors
  Duvessa (D:5)
  3 sky beasts
  8 wasps
  A black bear (shapeshifter) (Vaults:2)
  52 ogres
  A swamp drake (Lair:7)
  A phantom (D:9)
  4 eyes of draining
  8 porcupines
  7 boggarts
  An ice beast (D:15)
  An ice dragon simulacrum (Vaults:1)
  20 crocodiles
  A dryad zombie (Crypt:1)
  28 centaurs
  A crocodile (shapeshifter) (D:15)
  19 giant frogs
  3 earth elementals
  A vine stalker skeleton (Crypt:2)
  Dowan (D:5)
  11 big kobolds
  2 human skeletons
  3 scorpions
  A water moccasin zombie (D:11)
  13 wights
  A human simulacrum (Vaults:2)
  4 electric eels
  A draconian simulacrum (IceCv)
  A quasit (Depths:3)
  15 crimson imps
  A polar bear skeleton (Crypt:3)
  2 giant frog zombies (D:13)
  15 iguanas
  A wolf skeleton (Crypt:1)
  A gnoll shaman (D:5)
  A giant frog skeleton (D:11)
  6 hounds
  31 jellies
  40 orc wizards
  Jessica (D:2)
  A black bear skeleton (Crypt:3)
  A basilisk skeleton (Crypt:3)
  25 orc priests
  2 troll simulacra (IceCv)
  3 centaur skeletons
  29 worker ants
  24 sheep
  A spriggan simulacrum (IceCv)
  4 wolf simulacra (IceCv)
  A mottled dragon zombie (Crypt:2)
  2 naga zombies
  A big kobold skeleton (Crypt:3)
  A hound skeleton (D:9)
  12 mummies (Crypt:3)
  2 worker ant zombies (D:11)
  Robin (D:3)
  6 gnolls
  10 adders
  4 naga simulacra (IceCv)
  2 ogre simulacra (IceCv)
  56 river rats
  3 shadow imps
  A scorpion zombie (Crypt:3)
  9 white imps
  9 ufetubi
  6 oozes
  A worm zombie (Crypt:1)
  18 worms
  6 giant geckos
  89 orcs
  A ball python (D:4)
  7 bats
  19 goblins
  11 hobgoblins
  11 jackals
  24 kobolds
  4 quokkas
  7 giant cockroaches
  7 giant newts
  A gnoll skeleton (Crypt:2)
  2 gnoll zombies
  A hobgoblin zombie (Crypt:2)
  A jackal zombie (Crypt:2)
  8 rats
  A crawling corpse (Elf:3)
  A fire vortex (Depths:4)
  A plant (Shoals:4)
  3 tentacles (Shoals:2)
  2 tentacle segments (Shoals:2)
2739 creatures vanquished.

Vanquished Creatures (others)
  A black mamba (Snake:4)
  A water elemental (Shoals:2)
  A basilisk (D:14)
  A naga (Snake:4)
  A harpy simulacrum (IceCv)
  An orc warrior (Vaults:1)
  2 ogres
  A centaur (D:10)
  2 boggarts (Depths:1)
  Blork the orc (Orc:1)
  An orc priest (Vaults:4)
  A wolf simulacrum (IceCv)
  2 white imps (IceCv)
  4 ufetubi (IceCv)
  An orc (Vaults:3)
  A goblin (D:3)
  A crawling corpse (Elf:3)
  15 fungi
  3 lost souls
  11 plants
  22 tentacles
  375 tentacle segments
449 creatures vanquished.

Grand Total: 3188 creatures vanquished

Notes
Turn   | Place    | Note
--------------------------------------------------------------
     0 | D:1      | JokEr the Gargoyle Fighter began the quest for the Orb.
     0 | D:1      | Reached XP level 1. HP: 14/14 MP: 1/1
    72 | D:1      | Reached XP level 2. HP: 19/19 MP: 2/2
   315 | D:1      | Reached XP level 3. HP: 19/24 MP: 3/3
   725 | D:2      | Found a sparkling altar of Nemelex Xobeh.
   725 | D:2      | Noticed Jessica
   730 | D:2      | Killed Jessica
   730 | D:2      | Reached skill level 4 in Fighting
   815 | D:2      | Reached XP level 4. HP: 29/29 MP: 4/4
  1316 | D:3      | Noticed Robin
  1344 | D:3      | Killed Robin
  1357 | D:3      | Reached XP level 5. HP: 31/34 MP: 5/5
  1435 | D:3      | Reached skill level 5 in Fighting
  1701 | D:3      | Noticed an ogre
  1717 | D:3      | Killed an ogre
  1717 | D:3      | Reached XP level 6. HP: 40/40 MP: 6/6
  1763 | D:3      | Reached skill level 5 in Maces & Flails
  1832 | D:3      | Identified a +2 pair of boots of running (You found it on level 3 of the Dungeon)
  2519 | D:4      | Reached skill level 6 in Fighting
  2524 | D:4      | Reached XP level 7. HP: 46/46 MP: 7/7
  2934 | D:4      | Reached skill level 7 in Fighting
  2959 | D:4      | You fall through a shaft for 3 floors!
  3003 | D:6      | Reached XP level 8. HP: 48/53 MP: 8/8
  3072 | D:6      | Found Areth's Food Shoppe.
  3171 | D:6      | Bought a bread ration for 55 gold pieces
  3171 | D:6      | Bought a bread ration for 55 gold pieces
  3171 | D:6      | Bought a meat ration for 55 gold pieces
  3171 | D:6      | Bought a beef jerky for 16 gold pieces
  3171 | D:6      | Bought a meat ration for 55 gold pieces
  3171 | D:6      | Bought a bread ration for 55 gold pieces
  3201 | D:5      | Entered Level 5 of the Dungeon
  3544 | D:4      | Reached skill level 8 in Fighting
  4402 | D:5      | Found a snail-covered altar of Cheibriados.
  4653 | D:5      | Found a basalt altar of Yredelemnul.
  4666 | D:5      | Noticed Dowan
  4667 | D:5      | Noticed Duvessa
  4675 | D:5      | Killed Duvessa
  4694 | D:5      | Killed Dowan
  4891 | D:6      | Found Vilitef's Antique Armour Shop.
  4903 | D:6      | Reached skill level 9 in Fighting
  5082 | D:6      | Found Ityth's Magic Scroll Emporium.
  5089 | D:6      | Bought a scroll of identify for 24 gold pieces
  5089 | D:6      | Bought a scroll of identify for 24 gold pieces
  5089 | D:6      | Bought a scroll of identify for 24 gold pieces
  5089 | D:6      | Bought a scroll of identify for 24 gold pieces
  5130 | D:6      | Reached XP level 9. HP: 60/60 MP: 9/9
  5669 | D:7      | Got a pitted brass ring
  5741 | D:7      | Found a staircase to the Ecumenical Temple.
  6286 | D:7      | Identified the ring of Cuav {Fire Dex+6} (You found it on level 7 of the Dungeon)
  6341 | D:8      | Found a deep blue altar of Sif Muna.
  6472 | D:8      | Noticed a gargoyle
  6529 | D:8      | Killed a gargoyle
  6529 | D:8      | Reached skill level 10 in Fighting
  6625 | D:8      | Noticed a komodo dragon
  6640 | D:8      | Killed a komodo dragon
  6641 | D:8      | Noticed a komodo dragon
  6642 | D:8      | Found a staircase to the Lair.
  6907 | D:8      | Killed a komodo dragon
  6910 | D:8      | Reached skill level 10 in Maces & Flails
  7112 | D:8      | Reached XP level 10. HP: 33/68 MP: 10/10
  7307 | D:8      | Reached skill level 11 in Fighting
  7445 | Temple   | Entered the Ecumenical Temple
  7611 | Temple   | Became a worshipper of Warmaster Okawaru
  8628 | D:9      | Reached * piety under Okawaru
  8741 | D:9      | Found a staircase to the Orcish Mines.
  9146 | D:9      | Reached skill level 12 in Fighting
  9181 | D:9      | Reached ** piety under Okawaru
  9616 | D:10     | Entered Level 10 of the Dungeon
  9974 | D:10     | Reached XP level 11. HP: 76/76 MP: 11/11
 10492 | Lair:1   | Entered Level 1 of the Lair of Beasts
 10500 | Lair:1   | Reached *** piety under Okawaru
 10501 | Lair:1   | Reached skill level 13 in Fighting
 11553 | Lair:1   | Reached **** piety under Okawaru
 12085 | Lair:2   | Found a labyrinth entrance.
 12241 | Lab      | Entered a labyrinth
 12880 | Lab      | Noticed a minotaur
 12895 | Lab      | Killed a minotaur
 12898 | Lab      | Got a warped hand axe {holy}
 12928 | Lair:2   | Identified the +2 hand axe of Cueteig {holy, rC+ rN++ Dex+4} (You took it off a minotaur in a labyrinth)
 13696 | Lair:3   | Reached skill level 14 in Fighting
 13804 | Lair:3   | Reached ***** piety under Okawaru
 14069 | Lair:3   | Reached XP level 12. HP: 83/85 MP: 12/12
 14574 | Lair:3   | Found a staircase to the Snake Pit.
 15316 | Lair:4   | Noticed a six-headed hydra
 15329 | Lair:4   | Killed a six-headed hydra
 15400 | Lair:4   | Noticed a five-headed hydra
 15415 | Lair:4   | Killed a five-headed hydra
 15630 | Lair:4   | Reached skill level 15 in Fighting
 15793 | Lair:4   | Reached skill level 5 in Armour
 16053 | Lair:4   | Found a staircase to the Shoals.
 16444 | Lair:5   | Noticed Josephine
 16462 | Lair:5   | Killed Josephine
 16465 | Lair:5   | Received a gift from Okawaru
 16752 | Lair:5   | Noticed a queen ant
 16765 | Lair:5   | Killed a queen ant
 16778 | Lair:5   | Reached XP level 13. HP: 92/92 MP: 13/13
 17034 | Lair:5   | Reached skill level 10 in Armour
 17729 | Lair:6   | Reached skill level 1 in Evocations
 18227 | Lair:6   | Identified a scroll of acquirement
 18497 | Lair:6   | Identified a +2 pair of boots of running (You found it on level 6 of the Lair of Beasts)
 18919 | Lair:6   | Reached skill level 5 in Evocations
 19496 | Lair:7   | Reached ****** piety under Okawaru
 19612 | Lair:7   | Noticed Rupert
 19648 | Lair:7   | Killed Rupert
 19929 | Lair:7   | Received a gift from Okawaru
 19942 | Lair:7   | Got an iridescent morningstar {god gift}
 19947 | Lair:7   | Identified the +9 morningstar "Duutyptacwa" {flame, Int+3} (Okawaru gifted it to you on level 7 of the Lair of Beasts)
 20432 | Lair:8   | Entered Level 8 of the Lair of Beasts
 20447 | Lair:7   | Gained mutation: Your large and strong wings let you fly indefinitely. [Gargoyle growth]
 20447 | Lair:7   | Reached XP level 14. HP: 71/98 MP: 20/20
 20609 | Lair:7   | Reached skill level 5 in Shields
 21007 | Lair:8   | Received a gift from Okawaru
 21284 | Lair:8   | Reached skill level 1 in Dodging
 21829 | Lair:8   | Received a gift from Okawaru
 22424 | Lair:8   | Found a viscous altar of Jiyva.
 22424 | Lair:8   | Found a staircase to the Slime Pits.
 22500 | Lair:8   | Found a runed door.
 22506 | Lair:8   | Reached skill level 1 in Invocations
 23270 | Orc:1    | Entered Level 1 of the Orcish Mines
 23270 | Orc:1    | Noticed Blork the orc
 23290 | D:9      | Reached skill level 5 in Invocations
 23316 | D:9      | Received a gift from Okawaru
 23365 | Orc:1    | Killed Blork the orc
 23397 | Orc:1    | Noticed Erica
 23405 | Orc:1    | Killed Erica
 23626 | Orc:2    | Entered Level 2 of the Orcish Mines
 23626 | Orc:2    | Found a staircase to the Elven Halls.
 23748 | Orc:2    | Found a burning altar of Makhleb.
 23754 | Orc:2    | Found a burning altar of Makhleb.
 23999 | Orc:2    | Reached XP level 15. HP: 103/103 MP: 21/21
 24176 | Orc:2    | Found Cedwaol's Weapon Boutique.
 24176 | Orc:2    | Found Bairos's Weapon Boutique.
 24180 | Orc:2    | Found Dacviwua's Armour Shop.
 24182 | Orc:2    | Found Cava's Gadget Shop.
 24472 | Snake:1  | Entered Level 1 of the Snake Pit
 25014 | Snake:1  | Reached skill level 15 in Maces & Flails
 25018 | Snake:1  | Reached skill level 16 in Fighting
 25153 | Snake:1  | Noticed a greater naga
 25166 | Snake:1  | Received a gift from Okawaru
 25179 | Snake:1  | Killed a greater naga
 25227 | Snake:1  | Got a spiked scale mail {god gift}
 25238 | Snake:1  | Identified the +5 scale mail "Lupam" {rC+ Dex+7} (Okawaru gifted it to you on level 1 of the Snake Pit)
 25715 | Snake:1  | Found a bloodstained altar of Trog.
 26183 | Snake:2  | Noticed a greater naga
 26418 | Snake:2  | Killed a greater naga
 26477 | Snake:2  | Reached skill level 17 in Fighting
 26587 | Snake:2  | Received a gift from Okawaru
 26685 | Snake:2  | Reached XP level 16. HP: 110/112 MP: 22/22
 27537 | Snake:2  | Received a gift from Okawaru
 27856 | Snake:3  | Noticed Aizul
 27881 | Snake:3  | Killed Aizul
 27907 | Snake:3  | Reached skill level 10 in Shields
 28229 | Snake:3  | Noticed glosham's ghost (journeyman DgSu)
 28236 | Snake:3  | Noticed a sphinx
 28243 | Snake:3  | Killed glosham's ghost
 28243 | Snake:3  | Received a gift from Okawaru
 28260 | Snake:3  | Got a bloodstained hat {god gift}
 28271 | Snake:3  | Identified the +2 hat of Lubbut {rElec SInv Stlth+} (Okawaru gifted it to you on level 3 of the Snake Pit)
 29035 | Snake:4  | Entered Level 4 of the Snake Pit
 29089 | Snake:4  | Reached skill level 5 in Dodging
 29137 | Snake:4  | Reached XP level 17. HP: 89/117 MP: 23/23
 29499 | Snake:4  | Received a gift from Okawaru
 29506 | Snake:4  | Got an ancient mace {god gift}
 29507 | Snake:4  | Identified the +1 mace of Vengeance {crush, +Rage rElec rF- Int+4} (Okawaru gifted it to you on level 4 of the Snake Pit)
 30217 | Snake:4  | Received a gift from Okawaru
 30240 | Snake:4  | Got a transparent eveningstar {god gift}
 30326 | Snake:4  | Identified the +1 eveningstar "Qizat" {crush, Dex+3} (Okawaru gifted it to you on level 4 of the Snake Pit)
 30438 | Snake:4  | Reached skill level 18 in Fighting
 30490 | Snake:4  | Received a gift from Okawaru
 30792 | Snake:4  | Got a serpentine rune of Zot
 30994 | Lair:4   | Reached XP level 18. HP: 126/126 MP: 24/24
 33873 | D:13     | Got a scorched brass ring
 33875 | D:13     | Identified the ring "Ciedygha" {SustAt Str+5 Int+4} (You acquired it on level 13 of the Dungeon)
 34343 | D:14     | Received a gift from Okawaru
 34343 | D:14     | Reached skill level 10 in Evocations
 34598 | D:14     | Found a gate to the Vaults.
 34820 | D:14     | Found a shadowy altar of Dithmenos.
 34882 | D:15     | Entered Level 15 of the Dungeon
 35123 | D:15     | Found a staircase to the Depths.
 35924 | Shoals:1 | Entered Level 1 of the Shoals
 36036 | Shoals:1 | Found a frozen archway.
 36122 | IceCv    | Entered an ice cave
 37030 | IceCv    | Got a crude hat
 37041 | IceCv    | Identified the +0 hat "Maraan" {*Confuse rC++ MR- Regen+} (You found it in an ice cave)
 37209 | Shoals:1 | Got a steaming jade ring
 37225 | Shoals:1 | Received a gift from Okawaru
 37231 | Shoals:1 | Identified the ring of Ybo Boyr {Wiz rF+ MP+9 Dex+3} (You found it on level 1 of the Shoals)
 37451 | Shoals:1 | Reached skill level 19 in Fighting
 37787 | Shoals:2 | Reached XP level 19. HP: 75/132 MP: 27/27
 39507 | Shoals:4 | Entered Level 4 of the Shoals
 39728 | Shoals:4 | Received a gift from Okawaru
 40015 | Shoals:4 | Reached skill level 20 in Fighting
 40421 | Shoals:4 | Noticed Roxanne
 40492 | Shoals:4 | Killed Roxanne
 40630 | Shoals:4 | Noticed Ilsuiw
 40665 | Shoals:4 | Killed Ilsuiw
 41039 | Shoals:4 | Got a barnacled rune of Zot
 41728 | Depths:1 | Entered Level 1 of the Depths
 41894 | Depths:1 | Reached XP level 20. HP: 141/141 MP: 28/28
 42102 | Vaults:1 | Entered Level 1 of the Vaults
 42109 | Vaults:1 | Received a gift from Okawaru
 42717 | Vaults:1 | Noticed Norris
 42776 | Vaults:1 | Killed Norris
 43052 | Vaults:1 | Reached skill level 10 in Dodging
 43383 | Vaults:1 | Noticed Saint Roka
 43398 | Vaults:1 | Killed Saint Roka
 44462 | Vaults:2 | Received a gift from Okawaru
 44682 | Vaults:2 | Noticed Mennas
 44702 | Vaults:2 | Killed Mennas
 44704 | Vaults:2 | Reached XP level 21. HP: 141/148 MP: 22/29
 44719 | Vaults:2 | Reached skill level 21 in Fighting
 44879 | Vaults:2 | Found a staircase to the Crypt.
 44879 | Vaults:2 | Found a basalt altar of Yredelemnul.
 44880 | Vaults:2 | Found an ancient bone altar of Kikubaaqudgha.
 45274 | Vaults:2 | Received a gift from Okawaru
 45277 | Vaults:2 | Got a slimy scale mail {god gift}
 45288 | Vaults:2 | Identified the +0 scale mail of Proximity {rC+ rN+ Str+2} (Okawaru gifted it to you on level 2 of the Vaults)
 45508 | Vaults:2 | Found Meucs's Book Boutique.
 46093 | Vaults:3 | Gained mutation: You are clumsy. (Dex -2) [a neqoxec]
 46201 | Vaults:3 | Found Ushipnuss's Assorted Antiques.
 46203 | Vaults:3 | Found Zawaz's Armour Emporium.
 46206 | Vaults:3 | Found Umilien's Food Shop.
 46207 | Vaults:3 | Bought a scroll of identify for 58 gold pieces
 46395 | Vaults:3 | Found Reopaonae's Book Emporium.
 46420 | Vaults:3 | Found Kazi's Distillery.
 46423 | Vaults:3 | Bought a potion of might for 80 gold pieces
 46423 | Vaults:3 | Bought a potion of curing for 60 gold pieces
 46423 | Vaults:3 | Bought a potion of resistance for 200 gold pieces
 46423 | Vaults:3 | Bought a potion of curing for 60 gold pieces
 46423 | Vaults:3 | Bought a potion of resistance for 200 gold pieces
 47837 | Vaults:4 | Reached skill level 22 in Fighting
 47837 | Vaults:4 | Reached XP level 22. HP: 154/156 MP: 30/30
 47960 | Vaults:4 | Got a pair of smoking boots
 47971 | Vaults:4 | Identified the +0 pair of boots "Tuchiras" {MR+ rCorr Slay+3} (You found it on level 4 of the Vaults)
 48077 | Vaults:4 | Received a gift from Okawaru
 48748 | Vaults:4 | Found a portal to a secret trove of treasure.
 49076 | Depths:1 | Found Mistrag's Antique Weapon Emporium.
 49705 | Depths:1 | Found a gateway to Hell.
 50087 | Depths:2 | Noticed a juggernaut
 50348 | Depths:2 | Killed a juggernaut
 50536 | Depths:2 | Got a warped wooden ring
 50556 | Depths:2 | Identified the ring "Medod" {+Inv +Fly rPois EV+1 Str+4} (You found it on level 2 of the Depths)
 50855 | Depths:2 | Found a gateway to a ziggurat.
 50903 | Depths:2 | Received a gift from Okawaru
 51176 | Depths:2 | Reached XP level 23. HP: 157/164 MP: 31/31
 51402 | Depths:3 | Reached skill level 23 in Fighting
 51771 | Depths:3 | Found a corrupted altar of Lugonu.
 51771 | Depths:3 | Found a one-way gate to the infinite horrors of the Abyss.
 52022 | Depths:3 | Received a gift from Okawaru
 52049 | Depths:3 | Got a slimy flail {god gift}
 52053 | Depths:3 | Identified the +8 flail "Eviscerator" {drain, Fragile Str+5} (Okawaru gifted it to you on level 3 of the Depths)
 52110 | Depths:3 | Noticed Boris
 52132 | Depths:3 | Killed Boris
 52350 | Depths:3 | Found a glowing golden altar of the Shining One.
 52468 | Depths:3 | Found a one-way gate leading to the halls of Pandemonium.
 52771 | Depths:3 | Noticed a juggernaut
 52800 | Depths:3 | Killed a juggernaut
 53156 | Depths:3 | Found Onaod's Armour Emporium.
 53515 | Depths:4 | Received a gift from Okawaru
 53557 | Depths:4 | Found Soefyeng's Assorted Antiques.
 53570 | Depths:4 | Bought a scroll of teleportation for 66 gold pieces
 53605 | Depths:4 | Noticed Jorgrun
 53614 | Depths:4 | Killed Jorgrun
 53622 | Depths:4 | Reached skill level 15 in Armour
 54170 | Depths:4 | Reached skill level 24 in Fighting
 54246 | Depths:4 | Reached XP level 24. HP: 158/173 MP: 31/31
 54345 | Depths:4 | Noticed a juggernaut
 54360 | Depths:4 | Killed a juggernaut
 54360 | Depths:4 | Received a gift from Okawaru
 55121 | Depths:5 | Entered Level 5 of the Depths
 55136 | Depths:5 | Found Kas Ute's Jewellery Boutique.
 55160 | Depths:5 | Bought the amulet of Happiness {Reflect rF++ MR+ Dex-2 SH+2} for 814 gold pieces
 56434 | Depths:5 | Found a gate to the Realm of Zot.
 56565 | Depths:5 | Got a wavering jade ring
 56567 | Depths:5 | Identified the ring "Plog" {SustAt rF- Dex+4 Slay+5} (You found it on level 5 of the Depths)
 57022 | Crypt:1  | Entered Level 1 of the Crypt
 57370 | Crypt:1  | Reached skill level 25 in Fighting
 58252 | Crypt:2  | Reached XP level 25. HP: 162/182 MP: 31/31
 58587 | Crypt:2  | Received a gift from Okawaru
 58958 | Crypt:3  | Entered Level 3 of the Crypt
 59378 | Crypt:3  | Found a staircase to the Tomb.
 59772 | Crypt:3  | Received a gift from Okawaru
 59862 | Crypt:3  | Reached skill level 26 in Fighting
 59895 | Crypt:3  | Got a crude chain mail
 59896 | Crypt:3  | Identified the +1 chain mail of Crawling {MP+9 Str+2 Int-3 Dex+2} (You took it off a skeletal warrior on level 3 of the Crypt)
 59925 | Crypt:3  | Found an ancient bone altar of Kikubaaqudgha.
 59928 | Crypt:3  | Found a basalt altar of Yredelemnul.
 60308 | Vaults:5 | Entered Level 5 of the Vaults
 60311 | Vaults:5 | Noticed an ancient lich
 60399 | Vaults:5 | Killed an ancient lich
 60433 | Vaults:4 | Received a gift from Okawaru
 60551 | Vaults:4 | Got a translucent hat {god gift}
 60563 | Vaults:4 | Identified the +1 hat of the Eight Boll Weevils {rN+ Int-2 Dex+4} (Okawaru gifted it to you on level 4 of the Vaults)
 61041 | Vaults:5 | Reached XP level 26. HP: 136/192 MP: 28/33
 61043 | Vaults:5 | Gained mutation: Scrolls take you a little longer to read. [a neqoxec]
 61046 | Vaults:5 | Gained mutation: You expend magic power (3 MP) to strengthen your wands. [a neqoxec]
 61436 | Vaults:5 | Reached skill level 27 in Fighting
 61483 | Vaults:5 | Received a gift from Okawaru
 61493 | Vaults:5 | Reached skill level 15 in Evocations
 61721 | Vaults:5 | Noticed Mara
 61753 | Vaults:5 | Killed Mara
 61753 | Vaults:5 | Received a gift from Okawaru
 61976 | Vaults:5 | Got a scorched scale mail
 61990 | Vaults:5 | Identified the +2 scale mail of the Prince {+Fly} (You found it on level 5 of the Vaults)
 62417 | Vaults:5 | Got a silver rune of Zot
 63515 | Slime:1  | Entered Level 1 of the Pits of Slime
 63972 | Slime:2  | Reached skill level 15 in Shields
 64237 | Slime:3  | Received a gift from Okawaru
 64437 | Slime:2  | Reached XP level 27. HP: 113/199 MP: 34/34
 64944 | Slime:1  | Gained mutation: Potions and wands are less effective at restoring your health. [a shining eye]
 65324 | Slime:4  | Gained mutation: You occasionally shout uncontrollably at your foes. [a shining eye]
 65325 | Slime:4  | Gained mutation: You tend to lose your temper in combat. [a shining eye]
 65329 | Slime:4  | Gained mutation: Scrolls take you longer to read. [a shining eye]
 66030 | Elf:1    | Entered Level 1 of the Elven Halls
 66891 | Elf:2    | Found Miofruv's Gadget Boutique.
 67138 | Elf:2    | Received a gift from Okawaru
 67299 | Elf:2    | Found a huge runed gate.
 67299 | Elf:2    | Found a huge runed gate.
 67301 | Elf:2    | Found a huge runed gate.
 67553 | Elf:3    | Entered Level 3 of the Elven Halls
 67947 | Elf:3    | Got a faintly humming plate armour
 67969 | Elf:3    | Identified the +7 plate armour "Aditeli Ulaph" {Str+3} (You found it on level 3 of the Elven Halls)
 68212 | Elf:3    | Got a bound brass ring
 68215 | Elf:3    | Identified the ring of Coohel {rPois rF+} (You found it on level 3 of the Elven Halls)
 68255 | Elf:3    | Got a smoking ruby amulet
 68265 | Elf:3    | Identified the amulet "Fepram" {+Blink +Rage MP+9 Str+2} (You found it on level 3 of the Elven Halls)
 68574 | Elf:3    | Found Foren's Gadget Emporium.
 69083 | Zot:1    | Entered Level 1 of the Realm of Zot
 69169 | Zot:1    | Received a gift from Okawaru
 72824 | Zot:4    | Noticed an orb of fire
 72847 | Zot:4    | Killed an orb of fire
 72852 | Zot:4    | Noticed an orb of fire
 72880 | Zot:4    | Reached skill level 15 in Dodging
 72886 | Zot:4    | Gained mutation: You are dopey. (Int -2) [an orb of fire]
 72888 | Zot:4    | Killed from afar by an orb of fire

Vault maps used:
D:1:      dpeg_arrival_refuge
D:2:      first_bread, nemelex_lonely_heart_becter
D:3:      minmay_divided_ellipse, uniq_jessica, uniq_robin
D:5:      cheibriados_altar_1, lemuel_zombie_altar_yredelemnul, uniq_duvessa
D:6:      serial_shops, shop, nicolae_shop_stone, nicolae_shop_crystal,
          lightli_sewer_entry_pipes
D:7:      minmay_temple_entry_from_below_a, minmay_statues_item
D:8:      lemuel_crystal_altar, dpeg_lair_monsters, enter_bailey_2
D:9:      orc_0_dummy, hangedman_little_slice_of_home
D:13:     minmay_hedge_maze
D:14:     david_vaults_4, grunt_dithmenos_smoke_and_mirrors
D:15:     hangedman_depths_entry_civil_slaughter, serial_ice, serial_ice_e,
          serial_ice_n, serial_ice_f, serial_ice_i
Temple:   minmay_crystal_snake_temple_18
Lair:1:   minivault_27
Lair:2:   lab_entry_generic, nicolae_quartered_pool_medium, serial_bayou_shore_a
Lair:3:   minmay_snake_entry_guardpost_medium, wad_woods_road_05
Lair:4:   elwin_shoals_entry_stream, grunt_megastairs_5
Lair:5:   minmay_another_anthill, infiniplex_staircase_pool, uniq_josephine
Lair:6:   beast_lair_carwin_large_2, bh_autumn_forest_stairs, grunt_megastairs_4
Lair:7:   guppyfry_lair_drakes, infiniplex_staircase_pool_2, uniq_rupert
Lair:8:   guppyfry_lair_end_dragon, wormcave, dpeg_slime_entry_enclosed_altar
Shoals:1: portal_ice_cave_entry_ice_statue_02
Shoals:2: nicolae_shoals_hunting_party
Shoals:3: nicolae_shoals_arrival_archipelago
Shoals:4: shoals_end_grunt_ice, shoals_ilsuiw_alternative, uniq_roxanne
Snake:1:  basic_altar, st_stairs_3
Snake:2:  spider_trap, grunt_ministairs_8, evilmike_ambush
Snake:3:  serial_bayou_shore_b, uniq_aizul
Snake:4:  grunt_snake_rune_pools
Slime:1:  nicolae_slime_barrier
Orc:1:    sword_in_stone, uniq_erica
Orc:2:    st_orc_mages, basic_altar, bloody_makhleb
Elf:1:    minmay_elf_demonology
Elf:2:    serial_shops, shop
Elf:3:    grunt_elf_hall_branching, serial_shops, shop
Vaults:1: hangedman_vaults_nails, hangedman_vaults_stretched_pinwheel,
          vaults_room_pool, ontoclasm_vaults_twist, vaults_dpeg_spiral,
          v_misc_18, ontoclasm_vaults_bender, vaults_room_fours,
          grunt_vaults_funnel, v_pattern_1, nicolae_vaults_asterisk,
          ontoclasm_vaults_hangar, uniq_norris, uniq_saint_roka
Vaults:2: minmay_crypt_entry_necro_gods, v_misc_22, ontoclasm_vaults_hangar,
          vaults_room_boxed, nicolae_vaults_asterisk, ontoclasm_vaults_idyll,
          v_alt_pattern_5, hangedman_vaults_stream,
          vaults_standard_mumra_enter_the_diamond, nicolae_vaults_theta,
          ontoclasm_vaults_misaligned, nicolae_vaults_alarming,
          nicolae_vaults_big_angled_halls, v_alt_pattern_4,
          ontoclasm_vaults_eye, serial_shops, shop, uniq_mennas
Vaults:3: v_rooms_5, v_misc_4, nicolae_vaults_border_crossing, vaults_room_grid,
          v_misc_8, nicolae_vaults_circle_grid_a,
          nicolae_vaults_yaktaur_gun_rack, ontoclasm_vaults_loading_screen,
          serial_shops, nicolae_shop_trees, nicolae_shop_behind_doors, shop,
          shop_fountains, shop_fountains
Vaults:4: v_rooms_3, v_misc_32, ontoclasm_vaults_idyll, vaults_room_door_hall,
          nicolae_vaults_big_ls, vaults_room_grid, vaults_room_door_ring,
          grunt_vaults_hallway_long, ontoclasm_vaults_gateway,
          vaults_room_fours, vaults_dpeg_ring, nicolae_vaults_little_squares_4,
          v_misc_11, vaults_dpeg_hooks, enter_trove_5
Vaults:5: uniq_mara
Crypt:1:  grunt_crypt_arrival_split
Crypt:2:  grunt_megastairs_2
Crypt:3:  lightli_unholy_cathedral,
          nicolae_tomb_entry_unfolded_pyramid_orthogonal
Depths:1: nicolae_whirlpool, hell_entry, serial_shops, nicolae_shop_stone,
          nicolae_wwwww, bh_walls_and_bars
Depths:2: minmay_nine_rooms, enter_ziggurat_f, minmay_misc_feat_pillars,
          grunt_mini_vestibule
Depths:3: evilmike_lava_path, grunt_pan_entry_spiral, tso_metal_star,
          hell_entry, serial_shops, kennysheep_mini, abyss_entry_flame_altar,
          minmay_staircase_windowed_large, uniq_boris
Depths:4: cell_vault, minmay_misc_feat_iff, hell_entry, abyss_entry,
          serial_shops, nicolae_shop_crystal, uniq_jorgrun
Depths:5: grunt_zot_entry_gee_three, marbit_kobold_abyss_entry, serial_shops,
          shop, minmay_misc_feat_x, hell_entry
Zot:4:    kennysheep_ambush_hall
Lab:      labyrinth_hidden_loot, nicolae_lab_lava
IceCv:    ice_cave_caverns_02

Action                   |  1- 3 |  4- 6 |  7- 9 | 10-12 | 13-15 | 16-18 | 19-21 | 22-24 | 25-27 || total
-------------------------+-------+-------+-------+-------+-------+-------+-------+-------+-------++-------
Melee: Flail             |   115 |   215 |   398 |   263 |       |       |       |    99 |       ||  1090
       Morningstar       |       |       |       |   721 |  1426 |  1521 |  1769 |   754 |       ||  6191
       Demon whip        |       |       |       |       |       |       |       |  1014 |  2613 ||  3627
Invok: Heroism           |       |       |       |     6 |    10 |    15 |    20 |    21 |    19 ||    91
       Finesse           |       |       |       |     1 |     4 |     6 |    12 |    16 |    11 ||    50
 Abil: Fly               |       |       |       |       |     1 |       |       |       |       ||     1
Evoke: Wand              |       |       |       |     2 |     8 |     9 |       |       |     1 ||    20
       Stone of tremors  |       |       |       |       |       |       |     1 |       |       ||     1
       Phial of floods   |       |       |       |       |       |       |     1 |       |       ||     1
  Use: Scroll            |     5 |     6 |     6 |    19 |    10 |     8 |    13 |    16 |    11 ||    94
       Potion            |       |     1 |     1 |       |    13 |     5 |     3 |     4 |    15 ||    42
 Stab: Distracted        |       |       |       |     1 |       |     2 |     1 |       |       ||     4
       Sleeping          |       |       |       |       |       |     6 |     2 |     3 |     3 ||    14
  Eat: Chunk             |       |     6 |     4 |    17 |    24 |     3 |     1 |     2 |     5 ||    62
       Beef jerky        |       |       |     4 |       |     2 |       |     2 |     6 |       ||    14
       Bread ration      |       |       |     2 |       |     2 |     7 |     6 |       |     1 ||    18
       Royal jelly       |       |       |       |     1 |     1 |       |       |       |       ||     2
       Fruit             |       |       |       |     8 |       |       |       |       |     4 ||    12
       Pizza             |       |       |       |     1 |       |       |       |     1 |     1 ||     3
       Meat ration       |       |       |       |       |       |       |     1 |     6 |     9 ||    16
